 Dungeon Crawl Stone Soup version 0.19-a0-1670-gc28a5d9 (webtiles) character file.

1869170 Duffy the Warrior (level 27, 271/271 HPs)
             Began as a Naga Skald on Sept 21, 2016.
             Was a High Priest of Cheibriados.
             Escaped with the Orb
             ... and 3 runes!
             The game lasted 02:44:09 (58652 turns).

Duffy the Warrior (Naga Skald)                     Turns: 58652, Time: 02:44:09

Health: 271/271    AC: 53    Str: 42    XL:     27
Magic:  33/33      EV: 24    Int: 34    God:    Cheibriados [*****.]
Gold:   2611       SH: 30    Dex: 25    Spells: 5 memorised, 26 levels left

rFire  + . .     SeeInvis +     a - +9 broad axe (elec)
rCold  + + +     Gourm    .     N - +9 plate armour of Otsado {Regen+ Stlth+}
rNeg   + . .     Faith    .     T - +0 large shield
rPois  +         Spirit   .     r - +3 crown of Dyrovepreva {rElec Int+2 SInv}
rElec  +         Dismiss  .     K - +2 cloak of the Known World {*Drain rElec rC+++ Regen+}
rCorr  .         Reflect  +     H - +2 pair of gloves {Str+3}
MR     ++++.     Harm     .     z - +4 naga barding {rF+}
Stlth  ..........               c - +5 amulet of reflection
                                D - +4 ring of evasion
                                p - ring of Likamefu {+Fly rC+ rN+ MR+ Int+3}

@: very slow
A: see invisible, deformed body, poison resistance, slowness 2, slow metabolism
1, spit poison 1, constrict 1, AC +9
a: Spit Poison, Bend Time, Temporal Distortion, Slouch, Step From Time, Renounce
Religion, Evoke Flight
0: Orb of Zot
}: 3/15 runes: decaying, serpentine, silver


You escaped.
You worshipped Cheibriados.
Cheibriados was extremely pleased with you.
You were not hungry.

You visited 10 branches of the dungeon, and saw 50 of its levels.
You also visited: Labyrinth, Trove and Ice Cave.

You collected 5980 gold pieces.
You spent 3369 gold pieces at shops.

Inventory:

Hand Weapons
 a - a +9 broad axe of electrocution (weapon)
Missiles
 I - 3 throwing nets (quivered) {!f}
Armour
 r - the +3 crown of Dyrovepreva (worn) {rElec Int+2 SInv}
   (You bought it in a shop on level 2 of the Snake Pit)

   It affects your intelligence (+2).
   It insulates you from electricity.
   It lets you see invisible.
 z - a +4 naga barding of fire resistance (worn)
 H - a +2 pair of gloves of strength (worn)
 K - the +2 cloak of the Known World (worn) {*Drain rElec rC+++ Regen+}
   (You bought it in a shop on level 2 of the Orcish Mines)

   It renders you almost immune to cold.
   It insulates you from electricity.
   It increases your rate of regeneration.
   It causes draining when unequipped.
 N - the +9 plate armour of Otsado (worn) {Regen+ Stlth+}
   (You found it in a labyrinth)

   It increases your rate of regeneration.
   It makes you more stealthy.
 T - a +0 large shield (worn)
Jewellery
 c - a +5 amulet of reflection (around neck)
 p - the ring of Likamefu (left hand) {+Fly rC+ rN+ MR+ Int+3}
   (You took it off a yaktaur captain on level 5 of the Depths)

   [ring of protection from cold]

   It affects your intelligence (+3).
   It protects you from cold.
   It protects you from negative energy.
   It affects your resistance to hostile enchantments.
   It lets you fly.
 D - a +4 ring of evasion (right hand)
 P - an uncursed ring of resist corrosion
 V - an uncursed ring of fire
Wands
 o - a wand of digging (7/24)
 s - a wand of disintegration (14/24)
 u - a wand of teleportation (5/9)
 L - a wand of acid (6/15)
 O - a wand of iceblast (8/15)
 X - a wand of iceblast (4/15)
Scrolls
 b - 2 scrolls of identify
 e - 17 scrolls of remove curse
 f - 6 scrolls of teleportation
 g - 14 scrolls of recharging
 h - 4 scrolls of fear
 m - 12 scrolls of fog
 F - 13 scrolls of blinking
 R - a scroll of magic mapping
 S - a scroll of silence
Potions
 j - 6 potions of invisibility
 k - 5 potions of magic
 l - 6 potions of heal wounds
 q - 7 potions of brilliance
 v - 5 potions of flight
 w - 10 potions of cancellation
 x - 20 potions of curing
 B - 4 potions of resistance
 C - 3 potions of agility
 E - 2 potions of might
Miscellaneous
 M - a phial of floods
 U - a phantom mirror
Comestibles
 d - 21 bread rations
 i - 13 meat rations
 G - 68 fruits


   Skills:
 + Level 20.7 Fighting
 - Level 18.0 Axes
 + Level 19.2 Armour
 + Level 17.4 Dodging
 - Level 15.0 Shields
 - Level 6.5 Spellcasting
 - Level 6.2 Hexes
 - Level 8.0 Charms
 - Level 8.0 Necromancy
 - Level 11.2 Translocations
 - Level 14.0 Invocations
 - Level 12.0 Evocations


You had 26 spell levels left.
You knew the following spells:

 Your Spells              Type           Power        Failure   Level  Hunger
a - Apportation           Tloc           ######....   1%          1    None
g - Passage of Golubria   Tloc           N/A          1%          4    ##.....
j - Regeneration          Chrm/Necr      ######....   1%          3    None
l - Spectral Weapon       Hex/Chrm       ######..     1%          3    None
B - Blink                 Tloc           N/A          1%          2    None


Dungeon Overview and Level Annotations

Branches:
Dungeon (15/15)            Temple (1/1) D:6            Lair (6/6) D:11
  Swamp (4/4) Lair:2        Snake (4/4) Lair:2        Slime (0/5) Lair:6
    Orc (2/2) D:11            Elf (3/3) Orc:2        Vaults (5/5) D:14
  Crypt (0/3) Vaults:3     Depths (5/5) D:15            Zot (5/5) Depths:5

Altars:
Ashenzari
Cheibriados
Dithmenos
Elyvilon
Fedhas
Gozag
Hepliaklqana
Kikubaaqudgha
Makhleb
Nemelex Xobeh
Okawaru
Qazlal
Ru
Sif Muna
Trog
Uskayaw
Vehumet
Xom
Yredelemnul
Zin
The Shining One
Beogh

Shops:
D:7 ?   D:12 :   Orc:1 *   Orc:2 [(*=   Elf:1 }   Snake:2 [}*   Vaults:4 *??%
Vaults:5 (   Depths:1 [   Depths:2 *

Portals:
Hell: Depths:1 Depths:2 Depths:3 Depths:4 Depths:5
Abyss: Depths:1 Depths:4
Pandemonium: Depths:3
Ziggurat: Depths:1

Annotations:
D:13 exclusion: downstairs
D:15 exclusion: upstairs
Lair:4 exclusion: 2 oklob plants
Lair:6 exclusion: 3 doors
Elf:2 3 runed doors, exclusion: 3 doors
Depths:2 8 runed doors


Innate Abilities, Weirdness & Mutations

You cannot wear boots.
Your serpentine skin is tough. (AC +9)
You have supernaturally acute eyesight. (SInv)
Armour fits poorly on your strangely shaped body.
Your system is resistant to poisons. (rPois)
You cover ground very slowly.
You have a slow metabolism.
You can spit poison.
You can use your snake-like lower body to constrict enemies.


Message History

There is a stone staircase leading up here.
You climb upwards.
There is a stone staircase leading down here.
An Orb Guardian comes into view.
You chop the Orb Guardian into pieces!!!
There is a sudden explosion of sparks!
The Orb Guardian is almost dead.
You block the Orb Guardian's attack.
You slash the Orb Guardian!
You kill the Orb Guardian!
Cheibriados thoroughly appreciates the change of pace.
(D) Dungeon (T) Temple (L) Lair (S) Swamp (P) Snake Pit (M) Slime Pits (O) Orcish Mines (E) Elven Halls (V) Vaults (C) Crypt (U) Depths (H) Hell (Z) Zot
Where to? (Enter - D:1 @ (x,y), ? - help)
There is an open door, spattered with blood here.
A toenail golem comes into view.
There is a staircase leading out of the dungeon here.
You have escaped!

#.####.###.#.#####.# #.#
#.##.......#.#####.# #.#
#.##.#.#####......(# #.#
####.##.#.############# #.#
#.........##.......# #.#
#...######....).)..# #.#
#........##~~~#'...# #.#
###......#.....#...# #.#
#......~..@..~8..######.###
#...[..~..}..~...##.......#
#....00#.....#...##.###.#.#
####0~~###~~~####.##.###.#.#
#.#....0#......##.##.##..#.#
#.~0.}.0~......##.##.##.##.#
#.~.....0......#..##.##.##)#
######.#000..#......#...........#
.....#.+#0~~##[.......####.#.####


You could see a toenail golem.

Vanquished Creatures
  9 ancient liches
  5 orbs of fire (Zot:5)
  Mara (Swamp:4)
  3 juggernauts
  Vashnia (Snake:4)
  Boris (Depths:4)
  2 Killer Klowns (Zot:5)
  Xtahua (Vaults:2)
  6 golden dragons
  2 bone dragons (Zot:1)
  the Enchantress (Depths:1)
  Jory (Depths:5)
  2 electric golems (Zot:5)
  3 liches
  12 tentacled monstrosities
  25 Orb Guardians
  2 quicksilver dragons
  5 titans
  5 sphinxes
  Frances (Snake:1)
  6 death cobs
  A thorn hunter (Swamp:3)
  Kirke (Lair:4)
  Gastronok (Lair:3)
  5 tengu reavers
  5 storm dragons
  11 greater nagas
  6 shadow dragons
  Donald (Vaults:2)
  7 fire giants
  2 deep elf sorcerers
  A ghost moth (Zot:5)
  16 vault wardens
  5 iron dragons
  10 frost giants
  2 draconian scorchers
  Aizul (Snake:3)
  3 orc warlords
  4 spriggan defenders
  2 ghouls
  An angel (D:15)
  2 draconian zealots (Zot:3)
  A deep elf elementalist (Vaults:5)
  2 draconian annihilators (Depths:5)
  A draconian caller (Zot:3)
  16 ironheart preservers
  25 stone giants
  6 war gargoyles (Vaults:5)
  17 very ugly things
  6 deep elf demonologists
  3 vampire knights
  3 entropy weavers
  3 green draconians
  A black draconian (Zot:1)
  A white draconian (Zot:3)
  5 deep elf annihilators
  8 spark wasps
  A dire elephant (Lair:6)
  2 green deaths (Swamp:4)
  23 ettins
  7 deep elf death magi
  3 jiangshi (Depths:1)
  Snorg (D:10)
  A minotaur (Lab)
  A merfolk javelineer (Depths:3)
  6 deep elf high priests
  Josephine (D:9)
  A minotaur (shapeshifter) (D:15)
  20 fire dragons
  21 yaktaur captains
  Fannar (Lair:2)
  30 vault guards
  18 ice dragons
  7 spriggan air magi
  9 great orbs of eyes
  27 hydras
  18 naga warriors
  7 rakshasas
  A catoblepas (D:15)
  2 merfolk aquamancers (Depths:5)
  14 alligators
  A ghost crab (Swamp:4)
  5 death knights
  14 centaur warriors
  15 tengu warriors
  8 deep troll shamans
  9 death yaks
  A hell hog (D:15)
  12 anacondas
  10 naga sharpshooters
  The ghost of Tux the Covert, a journeyman SpAs of Okawaru (Lair:1)
  18 ogre magi
  12 dancing weapons
  10 shock serpents
  5 vampire magi
  6 deep troll earth magi
  7 spriggan berserkers
  7 orc high priests
  6 soul eaters
  3 fire crabs (shapeshifter)
  10 hell knights
  An iron troll (Depths:2)
  Sonja (D:14)
  19 deep elf knights
  A shadow wraith (Vaults:5)
  A storm dragon skeleton (Vaults:3)
  5 skeletal warriors
  2 death drakes (Zot:1)
  3 salamander mystics (Snake:4)
  20 deep trolls
  12 naga ritualists
  2 unseen horrors
  9 swamp dragons
  11 hill giants
  A shadow demon (Zot:5)
  A golden dragon zombie (Vaults:5)
  2 glowing orange brains
  2 wizards
  A swamp dragon (shapeshifter) (D:15)
  4 shambling mangroves
  7 flayed ghosts
  20 deep elf archers
  16 orc knights
  A hill giant (shapeshifter) (Vaults:5)
  9 necromancers
  17 ironbrand convokers
  9 harpies
  3 phantasmal warriors
  2 fire giant zombies
  A shining eye (shapeshifter) (Depths:1)
  A mana viper (shapeshifter) (D:15)
  A hornet (shapeshifter) (Depths:1)
  7 orc sorcerers
  An orb spider (shapeshifter) (Vaults:1)
  5 wolf spiders
  A wolf spider (shapeshifter) (Vaults:3)
  2 harpies (shapeshifter)
  55 deep elf magi
  7 hornets
  13 mana vipers
  20 salamanders
  A sphinx skeleton (Vaults:3)
  61 ugly things
  2 manticores
  A stone giant zombie (Vaults:5)
  6 moths of wrath
  7 cyclopes
  41 black mambas
  A frost giant zombie (Vaults:5)
  13 guardian serpents
  A titan simulacrum (Vaults:5)
  Psyche (D:8)
  24 naga magi
  22 vault sentinels
  22 elephants
  A rust devil (Depths:4)
  An ice statue (IceCv)
  An orange demon (Swamp:4)
  An elf zombie (Vaults:5)
  A torpor snail (Lair:2)
  3 water nymphs (shapeshifter)
  3 gargoyles
  A storm dragon simulacrum (Vaults:2)
  60 yaktaurs
  A rime drake (Lair:3)
  18 spiny frogs
  2 guardian mummies (Zot:1)
  An efreet (D:13)
  A purple draconian zombie (Zot:1)
  10 freezing wraiths
  A kobold demonologist (D:11)
  A rime drake (shapeshifter) (Vaults:1)
  An ice devil (D:5)
  7 tengu conjurers
  A redback zombie (D:15)
  11 komodo dragons
  A tormentor (Zot:5)
  A yaktaur skeleton (Vaults:1)
  3 polar bears (shapeshifter)
  A merfolk (Depths:5)
  A red draconian skeleton (Zot:1)
  A queen bee (Lair:2)
  9 trolls
  7 meliai
  A two-headed ogre (shapeshifter) (Vaults:2)
  2 meliai (shapeshifter)
  14 polar bears
  A snapping turtle (shapeshifter) (Depths:3)
  6 tyrant leeches
  Prince Ribbit (D:8)
  A jumping spider (Vaults:4)
  A wind drake (shapeshifter) (Vaults:1)
  28 two-headed ogres
  A frost giant simulacrum (Vaults:4)
  13 blink frogs
  15 hippogriffs
  A meliai zombie (D:14)
  11 bog bodies
  58 slime creatures
  11 dream sheep
  A hippogriff (shapeshifter) (Vaults:3)
  A fire giant simulacrum (Vaults:5)
  4 spriggans
  Sigmund (D:4)
  A centaur simulacrum (D:14)
  11 water elementals
  3 air elementals
  A redback (shapeshifter) (Depths:3)
  6 redbacks
  A spriggan (shapeshifter) (Vaults:3)
  A tarantella (shapeshifter) (Vaults:2)
  2 tarantellas (Vaults:5)
  6 wyverns
  3 large abominations (Swamp:4)
  A human (Lair:4)
  9 shadows
  A vampire (D:12)
  5 hogs (Lair:4)
  10 wraiths
  72 yaks
  6 basilisks
  3 hogs (shapeshifter)
  Eustachio (D:5)
  15 vampire mosquitoes
  2 chaos spawn (D:13)
  A human simulacrum (Vaults:5)
  An elf simulacrum (Vaults:5)
  Grum (D:9)
  8 hungry ghosts
  68 nagas
  Edmund (D:4)
  9 wargs
  A mottled dragon (D:15)
  A yaktaur simulacrum (Vaults:1)
  11 insubstantial wisps
  17 water moccasins
  17 swamp worms
  4 floating eyes
  A water moccasin (shapeshifter) (Depths:4)
  10 porcupines
  11 swamp drakes
  5 sky beasts
  A hornet simulacrum (D:13)
  A black bear (shapeshifter) (Vaults:2)
  2 black bears
  12 wasps
  A necrophage (D:6)
  61 orc warriors
  2 ice beasts
  89 ogres
  3 phantoms
  9 boggarts
  2 centaurs (shapeshifter)
  22 centaurs
  An eye of draining (D:12)
  36 wolves
  4 human skeletons
  The ghost of removeelyvilon the Caller, an amateur DsSu of Sif Muna (D:3)
  15 crocodiles
  5 big kobolds
  26 bullfrogs
  A yaktaur zombie (Vaults:1)
  A bullfrog (shapeshifter) (Depths:1)
  3 earth elementals
  2 gnoll sergeants
  A wyvern zombie (D:14)
  A glowing shapeshifter simulacrum (Vaults:3)
  A wyvern skeleton (D:8)
  49 killer bees
  7 scorpions
  15 wights
  3 electric eels
  7 howler monkeys
  11 crimson imps
  2 bullfrog zombies
  5 centaur zombies
  23 jellies
  4 bullfrog skeletons
  A gnoll shaman (D:7)
  9 hounds
  19 orc priests
  Crazy Yiuf (D:2)
  9 iguanas
  7 centaur skeletons
  37 orc wizards
  2 hell rats
  14 worker ants
  A killer bee zombie (D:8)
  A hound zombie (D:8)
  2 hound skeletons (D:9)
  A worker ant zombie (D:9)
  A howler monkey zombie (D:9)
  29 gnolls
  A gnoll (shapeshifter) (Vaults:5)
  2 howler monkey skeletons
  86 river rats
  15 adders
  5 shadow imps
  2 white imps
  2 ufetubi
  4 oozes
  3 adder skeletons
  3 adder zombies
  2 worms
  4 leopard geckos
  132 orcs
  8 bats
  4 giant cockroaches
  5 goblins
  12 hobgoblins
  7 jackals
  28 kobolds
  11 quokkas
  4 ball pythons
  12 frilled lizards
  13 rats
  3 fungi
  3 plants (Lair:1)
2744 creatures vanquished.

Vanquished Creatures (collateral kills)
  An Orb Guardian (Zot:5)
1 creature vanquished.

Vanquished Creatures (others)
  Margery (Depths:5)
  A fire giant (Vaults:2)
  A fire dragon (Depths:5)
  A salamander (Snake:3)
  An ugly thing (Swamp:4)
  An orc warrior (Vaults:5)
  A centaur (Depths:1)
  A bush (Lair:6)
  27 fungi
  26 plants
  A spectral weapon (Vaults:2)
62 creatures vanquished.

Grand Total: 2807 creatures vanquished

Notes
Turn   | Place    | Note
-------+----------+-------------------------------------------
     0 | D:1      | Duffy the Naga Skald began the quest for the Orb.
     0 | D:1      | Reached XP level 1. HP: 19/19 MP: 3/3
   118 | D:1      | Reached XP level 2. HP: 14/26 MP: 5/5
   849 | D:1      | Reached XP level 3. HP: 32/32 MP: 6/6
  2129 | D:2      | Reached skill level 1 in Shields
  2294 | D:2      | Reached XP level 4. HP: 33/39 MP: 7/7
  2474 | D:2      | Found a runed door.
  3167 | D:3      | Reached XP level 5. HP: 45/45 MP: 8/8
  3631 | D:3      | Found a burning altar of Makhleb.
  3631 | D:3      | Noticed an Executioner
  3641 | D:3      | Noticed a hellwing
  3641 | D:3      | Noticed an orange demon
  3916 | D:3      | Noticed removeelyvilon's ghost (amateur DsSu)
  4171 | D:4      | Noticed an ogre
  4210 | D:5      | Entered Level 5 of the Dungeon
  4297 | D:5      | Reached skill level 5 in Axes
  4297 | D:5      | Reached XP level 6. HP: 50/52 MP: 9/9
  4412 | D:5      | Reached skill level 1 in Armour
  4465 | D:5      | Found a radiant altar of Vehumet.
  4582 | D:5      | Noticed Eustachio
  4782 | D:5      | Killed Eustachio
  4782 | D:5      | Reached XP level 7. HP: 55/60 MP: 10/10
  5265 | D:4      | Noticed Sigmund
  5269 | D:4      | Noticed Edmund
  5553 | D:4      | Killed Edmund
  5943 | D:6      | Reached XP level 8. HP: 58/67 MP: 11/11
  6090 | D:6      | Found a staircase to the Ecumenical Temple.
  6096 | Temple   | Entered the Ecumenical Temple
  6182 | Temple   | Became a worshipper of Cheibriados the Contemplative
  7069 | D:4      | Reached * piety under Cheibriados
  7069 | D:4      | Reached skill level 5 in Armour
  7577 | D:6      | Reached skill level 3 in Fighting
  7694 | D:6      | Reached XP level 9. HP: 71/75 MP: 12/12
  8253 | D:6      | Reached skill level 4 in Fighting
  8336 | D:6      | Reached ** piety under Cheibriados
  8765 | D:6      | Reached skill level 5 in Fighting
  9157 | D:7      | Found Cauxace's Magic Scroll Boutique.
  9161 | D:7      | Bought a scroll of identify for 22 gold pieces
  9161 | D:7      | Bought a scroll of fog for 22 gold pieces
  9162 | D:7      | Bought a scroll of enchant armour for 82 gold pieces
  9163 | D:7      | Bought a scroll of teleportation for 33 gold pieces
  9163 | D:7      | Bought a scroll of teleportation for 33 gold pieces
  9421 | D:7      | Reached skill level 1 in Invocations
  9525 | D:7      | Reached *** piety under Cheibriados
 10291 | D:8      | Noticed Prince Ribbit
 10470 | D:8      | Reached skill level 6 in Fighting
 10691 | D:8      | Paralysed by fainting for 12 turns
 10746 | D:8      | Reached XP level 10. HP: 86/91 MP: 13/13
 10893 | D:8      | Reached **** piety under Cheibriados
 10948 | D:8      | Noticed Psyche
 11383 | D:8      | Killed Psyche
 11451 | D:8      | Reached skill level 5 in Invocations
 12457 | D:9      | Noticed Grum
 12459 | D:9      | Reached skill level 10 in Axes
 12462 | D:9      | Killed Grum
 12683 | D:9      | Reached XP level 11. HP: 52/97 MP: 15/17
 12917 | D:9      | Reached skill level 1 in Dodging
 13622 | D:6      | Reached ***** piety under Cheibriados
 13705 | D:3      | Killed removeelyvilon's ghost
 14039 | D:2      | Noticed Crazy Yiuf
 14047 | D:2      | Killed Crazy Yiuf
 14182 | D:4      | Killed Sigmund
 14527 | D:8      | Killed Prince Ribbit
 14577 | D:10     | Entered Level 10 of the Dungeon
 14676 | D:10     | Found a snail-covered altar of Cheibriados.
 14803 | D:10     | Noticed a hill giant
 14815 | D:10     | Killed a hill giant
 14954 | D:10     | Got a slimy ring mail
 14993 | D:9      | Identified the +1 ring mail of Least Resistance {rPois rF+} (You found it on level 10 of the Dungeon)
 15050 | D:10     | Noticed Snorg
 15273 | D:10     | Noticed Josephine
 15348 | D:10     | Noticed a hill giant
 15361 | D:9      | Killed Josephine
 15493 | D:10     | Killed a hill giant
 15570 | D:10     | Killed Snorg
 16077 | D:10     | Reached XP level 12. HP: 97/105 MP: 18/18
 16671 | D:10     | Reached skill level 1 in Evocations
 16902 | D:11     | Found a staircase to the Orcish Mines.
 17238 | D:11     | Found a staircase to the Lair.
 17503 | D:11     | Learned a level 3 spell: Regeneration
 17507 | D:11     | Learned a level 3 spell: Spectral Weapon
 17550 | D:12     | Found Mogoe's Book Shoppe.
 17667 | D:12     | Reached ****** piety under Cheibriados
 17895 | D:12     | Got an iridescent hand axe
 18391 | D:12     | Identified the +3 hand axe of Poverty {chop, +Blink rF+ rN+ Dex-4} (You found it on level 12 of the Dungeon)
 18495 | Lair:1   | Entered Level 1 of the Lair of Beasts
 18571 | Lair:1   | Noticed a four-headed hydra
 18574 | Lair:1   | Reached skill level 5 in Evocations
 18578 | Lair:1   | Killed a four-headed hydra
 18989 | Lair:1   | Noticed Tux's ghost (journeyman SpAs)
 19033 | Lair:1   | Killed Tux's ghost
 19774 | Lair:1   | Gained mutation: You can use your snake-like lower body to constrict enemies. [Naga growth]
 19774 | Lair:1   | Reached XP level 13. HP: 102/111 MP: 19/19
 19922 | Lair:2   | Found a staircase to the Swamp.
 20134 | Lair:2   | Noticed Fannar
 20150 | Lair:2   | Killed Fannar
 20359 | Lair:2   | Found a staircase to the Snake Pit.
 20832 | Lair:2   | Reached skill level 7 in Fighting
 21263 | Lair:3   | Reached skill level 5 in Dodging
 21579 | Lair:3   | Noticed Gastronok
 21603 | Lair:3   | Killed Gastronok
 22198 | Lair:3   | Reached skill level 5 in Shields
 22212 | Lair:3   | Reached skill level 8 in Fighting
 22652 | Lair:4   | Reached XP level 14. HP: 103/127 MP: 20/20
 22746 | Lair:4   | Noticed Kirke
 22763 | Lair:4   | Killed Kirke
 23021 | Lair:4   | Reached skill level 9 in Fighting
 23232 | Lair:4   | Reached skill level 10 in Armour
 24869 | Lair:6   | Entered Level 6 of the Lair of Beasts
 24889 | Lair:6   | Reached skill level 10 in Fighting
 25447 | Lair:6   | Noticed a dire elephant
 25460 | Lair:6   | Killed a dire elephant
 25460 | Lair:6   | Reached XP level 15. HP: 104/138 MP: 21/21
 25716 | Lair:6   | Found a staircase to the Slime Pits.
 25763 | Lair:6   | Reached skill level 15 in Axes
 26943 | Orc:1    | Entered Level 1 of the Orcish Mines
 26943 | Orc:1    | Found Dicwurel's Assorted Antiques.
 26953 | Orc:1    | Found a roughly hewn altar of Beogh.
 26956 | Orc:1    | Bought a scroll labeled QUACU SIRA for 27 gold pieces
 27097 | Orc:2    | Entered Level 2 of the Orcish Mines
 27160 | Orc:2    | Found Otuephus's General Store.
 27233 | Orc:2    | Found Orphaffa's Jewellery Shoppe.
 27255 | Orc:2    | Found a labyrinth entrance.
 27267 | Orc:2    | Noticed an orc warlord
 27269 | Lab      | Entered a labyrinth
 27504 | Lab      | Got a brightly glowing plate armour
 27541 | Lab      | Identified the +9 plate armour of Otsado {Regen+ Stlth+} (You found it in a labyrinth)
 27565 | Orc:2    | Killed an orc warlord
 27711 | Orc:2    | Found Pilyad Muq's Antique Weapon Emporium.
 27735 | Orc:2    | Noticed an orc warlord
 27751 | Orc:2    | Killed an orc warlord
 27982 | Orc:2    | Found a staircase to the Elven Halls.
 28016 | Orc:1    | Reached skill level 10 in Shields
 28463 | Orc:2    | Found Usmy's Antique Armour Shop.
 28788 | Orc:2    | Bought a fine cloak for 304 gold pieces
 28788 | Orc:2    | Identified the +2 cloak of the Known World {*Drain rElec rC+++ Regen+} (You bought it in a shop on level 2 of the Orcish Mines)
 28825 | Orc:2    | Bought a potion of might for 52 gold pieces
 28879 | Orc:1    | Bought an agate ring for 135 gold pieces
 28883 | Orc:1    | Bought a potion of might for 108 gold pieces
 28883 | Orc:1    | Bought a scroll of identify for 54 gold pieces
 28915 | Orc:2    | Bought an uncursed amulet of regeneration for 450 gold pieces
 28947 | Orc:2    | Bought a pair of glowing gloves for 144 gold pieces
 28957 | Orc:2    | Bought a pair of embroidered gloves for 144 gold pieces
 28995 | Orc:2    | Bought a scroll of fear for 45 gold pieces
 28995 | Orc:2    | Bought a potion of curing for 39 gold pieces
 29419 | D:13     | Reached skill level 10 in Invocations
 29534 | D:13     | Found a shattered altar of Ashenzari.
 29595 | D:13     | Found a shimmering altar of Xom.
 29610 | D:13     | Reached XP level 16. HP: 140/146 MP: 23/23
 30005 | D:14     | Found a gate to the Vaults.
 30155 | D:14     | Noticed Sonja
 30159 | D:14     | Killed Sonja
 31152 | D:15     | Entered Level 15 of the Dungeon
 31271 | D:15     | Found a frozen archway.
 31278 | IceCv    | Entered an ice cave
 32763 | D:15     | Reached XP level 17. HP: 153/153 MP: 24/24
 33070 | Snake:1  | Entered Level 1 of the Snake Pit
 33426 | Snake:1  | Noticed Frances
 33438 | Snake:1  | Killed Frances
 34138 | Snake:2  | Found Gagume's Assorted Antiques.
 34146 | Snake:2  | Bought a scroll labeled DUNTOI WYMAYHAWA for 31 gold pieces
 34146 | Snake:2  | Bought a golden potion for 27 gold pieces
 34248 | Snake:2  | Found Plog's Armour Shoppe.
 34261 | Snake:2  | Bought the +3 crown of Dyrovepreva {rElec Int+2 SInv} for 538 gold pieces
 34339 | Snake:2  | Found Fiabb's Gadget Shoppe.
 35018 | Snake:3  | Noticed Aizul
 35029 | Snake:3  | Killed Aizul
 35250 | Snake:3  | Reached skill level 15 in Shields
 35733 | Snake:3  | Reached XP level 18. HP: 157/162 MP: 25/25
 36052 | Swamp:1  | Entered Level 1 of the Swamp
 36980 | Swamp:2  | Learned a level 1 spell: Apportation
 36983 | Swamp:2  | Learned a level 2 spell: Blink
 36988 | Swamp:2  | Learned a level 4 spell: Passage of Golubria
 37273 | Swamp:2  | Found a basalt altar of Yredelemnul.
 38063 | Swamp:3  | Noticed a tentacled monstrosity
 38071 | Swamp:3  | Killed a tentacled monstrosity
 38288 | Swamp:4  | Entered Level 4 of the Swamp
 38296 | Swamp:4  | Reached skill level 11 in Fighting
 38383 | Swamp:4  | Got a clouded silver ring
 38384 | Swamp:4  | Identified the ring "Aragub" {*Slow +Blink +Inv rElec MP+9} (You found it on level 4 of the Swamp)
 38475 | Swamp:4  | Noticed Mara
 38479 | Swamp:4  | Noticed Duffy's illusion
 38494 | Swamp:4  | Killed Mara
 38598 | Swamp:4  | Noticed a tentacled monstrosity
 38598 | Swamp:4  | Reached XP level 19. HP: 166/172 MP: 26/26
 38610 | Swamp:4  | Killed a tentacled monstrosity
 38831 | Swamp:4  | Got a decaying rune of Zot
 39169 | Snake:4  | Entered Level 4 of the Snake Pit
 39184 | Snake:4  | Reached skill level 12 in Fighting
 39303 | Snake:4  | Noticed Vashnia
 39329 | Snake:4  | Killed Vashnia
 39698 | Snake:4  | Reached skill level 10 in Dodging
 39735 | Snake:4  | Gained mutation: You are agile. (Dex +2) [potion of beneficial mutation]
 39877 | Snake:4  | Reached skill level 13 in Fighting
 39884 | Snake:4  | Reached XP level 20. HP: 128/187 MP: 27/27
 40417 | Snake:4  | Got a serpentine rune of Zot
 40860 | Vaults:1 | Entered Level 1 of the Vaults
 41062 | Vaults:1 | Reached skill level 5 in Spellcasting
 41276 | Vaults:2 | Reached skill level 1 in Necromancy
 41648 | Vaults:2 | Reached skill level 5 in Charms
 41764 | Vaults:2 | Noticed Donald
 41773 | Vaults:2 | Killed Donald
 41773 | Vaults:2 | Reached skill level 5 in Necromancy
 41977 | Vaults:3 | Reached XP level 21. HP: 194/194 MP: 30/30
 42151 | Vaults:3 | Found a staircase to the Crypt.
 42747 | Vaults:5 | Entered Level 5 of the Vaults
 42753 | Vaults:5 | Noticed an ancient lich
 42876 | Vaults:4 | Found Maad's Magic Scroll Shop.
 42885 | Vaults:4 | Bought a scroll of enchant weapon for 142 gold pieces
 42885 | Vaults:4 | Bought a scroll of brand weapon for 380 gold pieces
 42973 | Vaults:4 | Found Cetal's Food Shoppe.
 42973 | Vaults:4 | Found Leinusk's Magic Scroll Shoppe.
 43009 | Vaults:4 | Bought a scroll of blinking for 127 gold pieces
 43009 | Vaults:4 | Bought a scroll of enchant weapon for 127 gold pieces
 43009 | Vaults:4 | Bought a scroll of magic mapping for 59 gold pieces
 43693 | Vaults:2 | Reached skill level 14 in Fighting
 43697 | Vaults:2 | Reached XP level 22. HP: 154/206 MP: 26/31
 43752 | Vaults:2 | Found a portal to a secret trove of treasure.
 43832 | Vaults:2 | Noticed Xtahua
 43860 | Vaults:2 | Killed Xtahua
 45738 | Vaults:4 | Found Maucul's Assorted Antiques.
 45902 | Vaults:4 | Reached skill level 15 in Fighting
 46055 | Vaults:3 | Reached skill level 15 in Armour
 46232 | D:13     | Reached skill level 1 in Translocations
 46320 | Elf:1    | Entered Level 1 of the Elven Halls
 46320 | Elf:1    | Found Cinotocw's Gadget Boutique.
 46599 | Elf:1    | Reached skill level 5 in Translocations
 46706 | Elf:1    | Identified the Tome of Creative Attacks
 46763 | Elf:1    | Reached XP level 23. HP: 217/217 MP: 32/32
 47146 | Elf:2    | Got a fine glass ring
 47301 | Elf:2    | Identified the ring of Juconig {rElec MP+9} (You found it on level 2 of the Elven Halls)
 47387 | Elf:2    | Found a runed gate.
 47387 | Elf:2    | Found a runed gate.
 47387 | Elf:2    | Found a runed gate.
 47583 | Elf:3    | Entered Level 3 of the Elven Halls
 47788 | Snake:2  | Bought a scroll of identify for 62 gold pieces
 48205 | Vaults:4 | Bought a scroll of identify for 34 gold pieces
 48205 | Vaults:4 | Bought a scroll of identify for 34 gold pieces
 48229 | Vaults:4 | Bought a scroll of identify for 38 gold pieces
 48229 | Vaults:4 | Bought a scroll of identify for 38 gold pieces
 48229 | Vaults:4 | Bought a scroll of identify for 38 gold pieces
 48454 | D:15     | Found a staircase to the Depths.
 48477 | Depths:1 | Entered Level 1 of the Depths
 48512 | Depths:1 | Reached skill level 10 in Translocations
 48519 | Depths:1 | Noticed the Enchantress
 48536 | Depths:1 | Killed the Enchantress
 48591 | Depths:1 | Got a faerie dragon armour
 48608 | D:15     | Identified the +4 faerie dragon armour {Str+2} (You took it off the Enchantress on level 1 of the Depths)
 48628 | Depths:1 | Found a gateway to Hell.
 48635 | Depths:1 | Reached skill level 1 in Hexes
 48764 | Depths:1 | Gained mutation: Your muscles are strong. (Str +2) [a shining eye]
 48765 | Depths:1 | Gained mutation: Potions and wands are less effective at restoring your health. [a shining eye]
 48766 | Depths:1 | Gained mutation: Your body sometimes deteriorates upon taking damage. [a shining eye]
 48767 | Depths:1 | Gained mutation: You are dopey. (Int -2) [a shining eye]
 48802 | Depths:1 | Found a one-way gate to the infinite horrors of the Abyss.
 48902 | Depths:1 | Found Xoim's Specialty Armours.
 49083 | Depths:1 | Found a gateway to a ziggurat.
 49216 | Depths:2 | Reached skill level 5 in Hexes
 49395 | Depths:2 | Found a large runed door.
 49398 | Depths:2 | Noticed a golden dragon
 49399 | Depths:2 | Found a large runed door.
 49403 | Depths:2 | Found a large runed door.
 49404 | Depths:2 | Found a large runed door.
 49405 | Depths:2 | Found a large runed door.
 49405 | Depths:2 | Found a large runed door.
 49416 | Depths:2 | Found a large runed door.
 49416 | Depths:2 | Found a large runed door.
 49446 | Depths:2 | Paralysed by a floating eye for 4 turns
 49607 | Depths:2 | Reached XP level 24. HP: 173/226 MP: 32/32
 49910 | Vaults:2 | You paid a toll of 19 scrolls of identify to enter a treasure trove
 49911 | Trove    | Entered a treasure trove
 50251 | D:10     | Lost mutation: Your muscles are strong. (Str +2) [potion of cure mutation]
 50251 | D:10     | Lost mutation: You are dopey. (Int -2) [potion of cure mutation]
 50251 | D:10     | Lost mutation: You are agile. (Dex +2) [potion of cure mutation]
 50251 | D:10     | Lost mutation: Your body sometimes deteriorates upon taking damage. [potion of cure mutation]
 50251 | D:10     | Lost mutation: Potions and wands are less effective at restoring your health. [potion of cure mutation]
 50714 | Depths:2 | Found Louteaf's General Store.
 51297 | Depths:3 | Paralysed by a floating eye for 4 turns
 51643 | Depths:3 | Noticed a juggernaut
 51656 | Depths:3 | Killed a juggernaut
 51828 | Depths:3 | Found a one-way gate leading to the halls of Pandemonium.
 51956 | Depths:4 | Identified the +2 helmet "Ymeypria" {*Contam rC+++ Str-2 Stlth+} (You found it on level 4 of the Depths)
 52024 | Depths:4 | Reached skill level 10 in Evocations
 52193 | Depths:4 | Noticed Boris
 52198 | Depths:4 | Killed Boris
 52267 | Depths:4 | Reached XP level 25. HP: 234/234 MP: 30/33
 52625 | Depths:5 | Entered Level 5 of the Depths
 52684 | Depths:5 | Noticed a juggernaut
 52697 | Depths:5 | Killed a juggernaut
 52698 | Depths:5 | Noticed Jory
 52712 | Depths:5 | Killed Jory
 52759 | Depths:5 | Paralysed by a floating eye for 4 turns
 52777 | Depths:5 | Found a gate to the Realm of Zot.
 52912 | Depths:5 | Reached skill level 16 in Fighting
 52921 | Depths:5 | Noticed Margery
 52938 | Depths:5 | Killed Margery
 53080 | Depths:5 | Paralysed by a floating eye for 3 turns
 53085 | Depths:5 | Noticed a juggernaut
 53101 | Depths:5 | Killed a juggernaut
 53203 | Depths:5 | Found a shimmering altar of Xom.
 53264 | Depths:5 | Got a crude brass ring
 53265 | Depths:5 | Identified the ring "Focehiat" {rC+ rN+ Dex+3} (You took it off an orc on level 5 of the Depths)
 53423 | Depths:5 | Got a clouded silver ring
 53538 | Depths:5 | Found a shattered altar of Ashenzari.
 53558 | Depths:5 | Got a transparent bone ring
 53798 | Depths:5 | Identified the ring of Likamefu {+Fly rC+ rN+ MR+ Int+3} (You took it off a yaktaur captain on level 5 of the Depths)
 53804 | Depths:5 | Identified the ring of Xuotyew {+Inv Int+3 Dex+3 Stlth+} (You took it off a merfolk aquamancer on level 5 of the Depths)
 54046 | Vaults:2 | Reached skill level 17 in Fighting
 54183 | Vaults:5 | Reached XP level 26. HP: 231/249 MP: 32/33
 54208 | Vaults:5 | Noticed an ancient lich
 54316 | Vaults:5 | Found Ovinus's Weapon Boutique.
 54362 | Vaults:5 | Identified Lobo's Catalogue of the Lucky Volcanoes
 54404 | Vaults:5 | Reached XP level 27. HP: 258/258 MP: 33/33
 54473 | Vaults:5 | Killed an ancient lich
 54713 | Vaults:5 | Got a silver rune of Zot
 54807 | Vaults:5 | Reached skill level 18 in Fighting
 54853 | Vaults:5 | Identified the +3 chain mail of Miracles {rF- Str+4 Int+2 SInv} (You found it on level 5 of the Vaults)
 54930 | Vaults:5 | Reached skill level 15 in Dodging
 55058 | Vaults:5 | Killed an ancient lich
 56819 | Zot:1    | Entered Level 1 of the Realm of Zot
 56831 | Zot:1    | Noticed an ancient lich
 56842 | Zot:1    | Killed an ancient lich
 56905 | Zot:1    | Noticed an ancient lich
 56909 | Zot:1    | Killed an ancient lich
 57078 | Zot:2    | Reached skill level 19 in Fighting
 57208 | Zot:5    | Entered Level 5 of the Realm of Zot
 57302 | Zot:5    | Noticed an ancient lich
 57310 | Zot:5    | Killed an ancient lich
 57335 | Zot:5    | Noticed an ancient lich
 57342 | Zot:5    | Killed an ancient lich
 57398 | Zot:5    | Noticed an ancient lich
 57406 | Zot:5    | Killed an ancient lich
 57514 | Zot:5    | Noticed an ancient lich
 57520 | Zot:5    | Killed an ancient lich
 57618 | Zot:5    | Noticed an ancient lich
 57624 | Zot:5    | Killed an ancient lich
 57657 | Zot:5    | Noticed an orb of fire
 57658 | Zot:5    | Gained mutation: You occasionally shout uncontrollably at your foes. [an orb of fire]
 57663 | Zot:5    | Gained mutation: You expend magic power (3 MP) to strengthen your wands. [an orb of fire]
 57666 | Zot:5    | Gained mutation: You are partially covered in slimy green scales. (AC +2) [an orb of fire]
 57677 | Zot:5    | Killed an orb of fire
 57778 | Zot:5    | Noticed an orb of fire
 57778 | Zot:5    | Noticed an orb of fire
 57779 | Zot:5    | Noticed an orb of fire
 57779 | Zot:5    | Gained mutation: Your magical capacity is low. (-10% MP) [an orb of fire]
 57781 | Zot:5    | Gained mutation: You are weak. (Str -2) [an orb of fire]
 57783 | Zot:5    | Noticed an orb of fire
 57787 | Zot:5    | Gained mutation: Your body sometimes deteriorates upon taking damage. [an orb of fire]
 57791 | Zot:5    | Killed an orb of fire
 57791 | Zot:5    | Reached skill level 20 in Fighting
 57796 | Zot:5    | Noticed an orb of fire
 57808 | Zot:5    | Gained mutation: You tend to lose your temper in combat. [an orb of fire]
 57814 | Zot:5    | Killed an orb of fire
 57818 | Zot:5    | Noticed an orb of fire
 57835 | Zot:5    | Gained mutation: You are dopey. (Int -2) [an orb of fire]
 57841 | Zot:5    | Killed an orb of fire
 57844 | Zot:5    | Lost mutation: You are weak. (Str -2) [potion of cure mutation]
 57844 | Zot:5    | Lost mutation: You occasionally shout uncontrollably at your foes. [potion of cure mutation]
 57844 | Zot:5    | Lost mutation: You are partially covered in slimy green scales. (AC +2) [potion of cure mutation]
 57844 | Zot:5    | Lost mutation: You tend to lose your temper in combat. [potion of cure mutation]
 57844 | Zot:5    | Lost mutation: You expend magic power (3 MP) to strengthen your wands. [potion of cure mutation]
 57844 | Zot:5    | Lost mutation: Your body sometimes deteriorates upon taking damage. [potion of cure mutation]
 58018 | Zot:5    | Got the Orb of Zot
 58044 | Zot:5    | Noticed an orb of fire
 58046 | Zot:5    | Gained mutation: Your body sometimes deteriorates upon taking damage. [an orb of fire]
 58050 | Zot:5    | Gained mutation: You tend to lose your temper in combat. [an orb of fire]
 58065 | Zot:5    | Killed an orb of fire
 58072 | Zot:5    | Lost mutation: Your body sometimes deteriorates upon taking damage. [potion of cure mutation]
 58072 | Zot:5    | Lost mutation: You are dopey. (Int -2) [potion of cure mutation]
 58072 | Zot:5    | Lost mutation: You tend to lose your temper in combat. [potion of cure mutation]
 58072 | Zot:5    | Lost mutation: Your magical capacity is low. (-10% MP) [potion of cure mutation]
 58316 | Depths:1 | Noticed a seraph
 58652 | D:$      | Escaped with the Orb!

Vault maps used:
D:1:      dpeg_arrival_rooms_with_view
D:2:      uniq_crazy_yiuf_cottage
D:3:      first_bread, makhleb_altar_promises_db
D:4:      sigmund_edmund_badplayer
D:5:      portal_sewer_entry_e, basic_altar, uniq_eustachio
D:6:      dk_noncrumbling_3, uniq_sigmund
D:7:      serial_shops, shop_statue
D:8:      kennysheep_ambush_hall, uniq_prince_ribbit1, uniq_psyche
D:9:      uniq_grum
D:10:     blue_anna_alchemist, cheibriados_altar_1, uniq_josephine, uniq_snorg
D:11:     lair_0_dummy, erik_orc_1
D:12:     serial_shops, shop
D:13:     basic_altar, minivault_5, minmay_guarded_unrand_variability
D:14:     david_vaults_4, dk_noncrumbling_4, kennysheep_island_fort, uniq_sonja
D:15:     gammafunk_enter_depths_forms, portal_ice_cave_entry_pillars_1
Temple:   compressed_dpeg_circular_temple
Lair:1:   serial_bayou_lagoon_a, patterned_corridor
Lair:2:   swamp_mist, guppyfry_snake_entry_island, special_room, uniq_fannar
Lair:3:   lemuel_fruit_tree, uniq_gastronok
Lair:4:   regret_index_harrowing_hell_hive, uniq_kirke
Lair:5:   grunt_megastairs_4, lemuel_fruit_fields
Lair:6:   evil_forest, minmay_slime_entry_jelly_boxes, infiniplex_staircase_pool
Swamp:1:  hangedman_swamp_pad
Swamp:2:  basic_altar
Swamp:3:  evilmike_swamp_ruin_rubble_1
Swamp:4:  swamp_vile, uniq_mara
Snake:1:  uniq_frances
Snake:2:  serial_shops, nicolae_shop_crystal, shop_statue, shop
Snake:3:  st_stairs_3, grunt_ministairs_10, hangedman_snake_corridor_cut,
          uniq_aizul
Snake:4:  johnstein_snake_rune_scales
Orc:1:    basic_altar, serial_shops, shop, sword_in_stone
Orc:2:    grunt_orc_gardens, grunt_orc_garden, grunt_orc_garden,
          grunt_orc_garden, grunt_orc_garden, lab_entry_generic
Elf:1:    serial_shops, shop, minmay_elf_sorcery
Elf:2:    grunt_ministairs_7, uniq_jorgrun
Elf:3:    grunt_elf_hall_asides, nooodl_food_tri, basic_stair_grate_trap,
          grunt_megastairs_5
Vaults:1: nicolae_vaults_little_squares_6, v_misc_24,
          nicolae_vaults_network_square, ontoclasm_vaults_misaligned, v_misc_18,
          dpeg_vaults_monster_box, grunt_vaults_twisty,
          nicolae_vaults_little_squares_2
Vaults:2: vaults_mumra_minichess, vaults_mumra_minichess_inversion,
          nicolae_vaults_diagonal_hallway_6, vaults_dpeg_encased_lava,
          nicolae_vaults_stairing_the_circle, vaults_dpeg_doors,
          nicolae_vaults_angled_halls, nicolae_vaults_yaktaur_gun_rack,
          hangedman_vaults_nails, nicolae_vaults_murderbox,
          nicolae_trove_entry_crossroad, uniq_xtahua, uniq_donald
Vaults:3: vaults_dpeg_diagonal, nicolae_vaults_little_squares_2,
          vaults_room_grunt_arrival_ludios, nicolae_vaults_ring_of_whatevers,
          hangedman_vaults_slice, v_misc_33, v_misc_18, v_misc_17,
          minmay_crypt_entry_simple_walls, ontoclasm_vaults_eye,
          vaults_room_stairs_pillars, vaults_dpeg_ring, vaults_room_semicircle
Vaults:4: nicolae_vaults_little_squares_3, nicolae_vaults_asterisk, v_rooms_6,
          v_misc_28, dpeg_vaults_monster_row, vaults_room_pool,
          hangedman_vaults_locks, ontoclasm_vaults_spin,
          ontoclasm_vaults_gateway, ontoclasm_vaults_chip, v_misc_17,
          nicolae_vaults_shelves_hall, grunt_vaults_focal, serial_shops,
          nicolae_shop_trees, shop, shop, shop
Vaults:5: serial_shops
Depths:1: enter_ziggurat_e, glass_columns_b, abyss_entry, hell_entry,
          minmay_misc_feat_alley, nicolae_barding_shop, uniq_enchantress
Depths:2: minmay_five_octagons, serial_shops, shop, pf_coc_iceberg,
          grunt_decor_fettered, small_statue_intersection
Depths:3: minmay_quarter_circles, rand_demon_pan_entry_4, hell_entry,
          hangedman_decor_lopped
Depths:4: cheibrodos_birdhouse, abyss_entry, serial_sigils_hangedman_quiver,
          pf_vacation_house_of_asmodeus, minmay_staircase_windowed_small,
          uniq_boris
Depths:5: hangedman_spin_cycle, serial_shops, hell_entry, uniq_jory
Zot:1:    lemuel_halls_of_wrath, hangedman_snap_crack_crunch
Zot:2:    kennysheep_six_static_rooms
Zot:5:    hangedman_zot_diagonal_lockstep
Lab:      labyrinth_fake_exit
Trove:    trove_books_scrolls
IceCv:    ice_cave_caverns_01

Skill      XL: |  1  2  3  4  5  6  7  8  9 10 11 12 13 14 15 16 17 18 19 20 21 22 23 24 25 26 27 |
---------------+----------------------------------------------------------------------------------+-----
Axes           | 3 4 5 6 8 9 10 12 13 14 16 18 | 18.0
Shields        | 1 2 5 8 10 12 15 | 15.0
Armour         | 2 3 5 6 8 9 10 11 12 13 14 15 16 19 | 19.2
Fighting       | 3 6 8 10 11 13 14 15 17 20 | 20.7
Invocations    | 3 8 9 10 12 14 | 14.0
Dodging        | 3 5 6 7 8 10 11 12 14 17 | 17.4
Evocations     | 5 11 12 | 12.0
Spellcasting   | 6 |  6.5
Necromancy     | 6 8 |  8.0
Charms         | 6 8 |  8.0
Translocations | 6 11 | 11.2
Hexes          | 6 |  6.2

Action                   |  1- 3 |  4- 6 |  7- 9 | 10-12 | 13-15 | 16-18 | 19-21 | 22-24 | 25-27 || total
-------------------------+-------+-------+-------+-------+-------+-------+-------+-------+-------++-------
Melee: Hand axe          |    83 |   114 |   111 |       |       |       |       |       |       ||   308
       Flail             |       |       |   350 |   147 |    72 |       |       |       |       ||   569
       War axe           |       |       |   112 |   954 |  1172 |   641 |       |       |       ||  2879
       Constrict         |       |       |       |       |   251 |   248 |   230 |   250 |   160 ||  1139
       Scimitar          |       |       |       |       |       |    26 |     3 |       |       ||    29
       Broad axe         |       |       |       |       |       |   587 |  1101 |  1372 |  1353 ||  4413
 Fire: Blowgun           |       |       |     7 |     7 |     1 |       |       |       |       ||    15
Throw: Throwing net      |       |       |       |       |       |       |       |       |     2 ||     2
 Cast: Apportation       |       |       |       |       |       |       |     4 |       |     5 ||     9
       Regeneration      |       |       |       |       |       |       |     8 |    30 |    77 ||   115
       Spectral Weapon   |       |       |       |       |       |       |       |     1 |       ||     1
       Passage of Golubr |       |       |       |       |       |       |       |       |     1 ||     1
Invok: Slouch            |       |       |       |     5 |     5 |     4 |     7 |     2 |     9 ||    32
       Bend Time         |       |       |       |     8 |     4 |       |       |       |       ||    12
       Temporal Distorti |       |       |       |       |     5 |     5 |     5 |     1 |     7 ||    23
 Abil: Spit Poison       |    54 |    43 |    33 |    14 |       |       |       |       |       ||   144
Evoke: Wand              |       |     1 |     6 |     3 |     4 |     3 |       |       |     2 ||    19
  Use: Scroll            |     5 |     3 |    14 |     9 |    13 |    12 |    12 |     5 |    21 ||    94
       Potion            |       |       |     5 |       |     1 |       |     1 |     1 |    14 ||    22
 Stab: Distracted        |       |       |       |       |     1 |     1 |       |       |     3 ||     5
       Petrifying        |       |       |       |       |       |     1 |       |       |       ||     1
       Petrified         |       |       |       |       |       |     1 |       |       |       ||     1
       Confused          |       |       |       |       |       |       |       |     2 |       ||     2
       Held in net/web   |       |       |       |       |       |       |       |       |     5 ||     5
  Eat: Beef jerky        |     1 |     1 |       |     2 |     1 |     2 |     1 |       |     1 ||     9
       Chunk             |     4 |     8 |    14 |     9 |    11 |     5 |     6 |    10 |     3 ||    70
       Fruit             |       |       |     8 |       |       |     3 |       |       |       ||    11
       Meat ration       |       |       |       |     2 |     3 |     2 |     1 |       |     3 ||    11
       Pizza             |       |       |       |     1 |       |       |       |     1 |     1 ||     3
       Bread ration      |       |       |       |     1 |     1 |     1 |     1 |     2 |     1 ||     7
       Royal jelly       |       |       |       |       |       |       |       |     2 |       ||     2
Armor: Ring mail         |    26 |    30 |       |       |       |       |       |       |       ||    56
       Chain mail        |       |    44 |   379 |   613 |   584 |       |       |       |       ||  1620
       Plate armour      |       |       |       |       |    75 |   618 |   480 |   373 |   425 ||  1971
Dodge: Dodged            |    45 |    46 |   266 |   480 |   456 |   445 |   458 |   514 |   600 ||  3310
Block: Buckler           |     5 |    18 |   158 |   315 |    87 |       |       |       |       ||   583
       Large shield      |       |       |       |       |  1075 |  1475 |  1408 |  1426 |  1499 ||  6883
       Reflection        |       |       |       |       |       |       |       |       |     4 ||     4
